[Event "Team 45 45 League T37"]
[Site "Internet Chess Club"]
[Date "2008.05.11"]
[Round "3"]
[White "Kalhalla"]
[Black "kabindra"]
[Result "1-0"]
[WhiteElo "1834"]
[BlackElo "1755"]
[Opening "Ruy Lopez: Anderssen variation"]
[ECO "C77"]
[Time "11:00:59"]
[TimeControl "2700+45"]

1. e4 e5 2. Nf3 Nc6 3. Bb5 a6 4. Ba4 Nf6 5. d3 Be7 6. c3 d6 7. Nbd2 O-O 8. h3 b5
9. Bc2 Na5 10. O-O c5 11. Re1 Qc7 12. Nf1 Bd7 13. Ng3 Rac8 14. Bg5 Rfe8 15. Rc1
Nc6 16. d4 cxd4 17. cxd4 Qb7 18. Bb3 a5 19. a3 Qa7 20. Be3 exd4 21. Nxd4 Qb7 22.
Ndf5 Bxf5 23. Nxf5 Nxe4 24. Bxf7+ Kxf7 25. Qd5+ Kf8 26. Qxe4 Qd7 27. Nxe7 Nxe7
28. Qxh7 Qf5 29. Qh8+ Kf7 30. Qh4 Ng6 31. Qd4 Kg8 32. Qxd6 Rcd8 33. Qb6 Ne5 34.
Red1 Ra8 35. Rc7 Reb8 36. Qc5 Rc8 37. Rxc8+ Rxc8 38. Qd5+ Kh8 39. f4 Qc2 40.
fxe5 Qxb2 41. e6 Qe2 42. Bb6 Re8 43. Bxa5 Qe3+ 44. Kh1 Qxa3 45. Qh5+ {Black
resigns} 1-0

[Event "Team 45 45 League T37"]
[Site "Internet Chess Club"]
[Date "2008.05.11"]
[Round "3"]
[White "chess92192"]
[Black "Bega"]
[Result "0-1"]
[WhiteElo "1732"]
[BlackElo "1777"]
[Opening "Scotch game"]
[ECO "C45"]
[Time "15:59:09"]
[TimeControl "2700+45"]

1. e4 e5 2. Nf3 Nc6 3. d4 exd4 4. Nxd4 Qf6 5. Be3 Bc5 6. c3 Nge7 7. Bc4 Ne5 8.
Be2 O-O 9. O-O d6 10. b4 Bb6 11. a4 a5 12. Nd2 Bd7 13. Nc4 Nxc4 14. Bxc4 Qg6 15.
Bd3 Qf6 16. Bc4 Ng6 17. f4 Rae8 18. Qd3 Qe7 19. Nb5 Bxe3+ 20. Qxe3 Qxe4 21. Qxe4
Rxe4 22. Bd5 Rxf4 23. Rxf4 Nxf4 24. Bxb7 axb4 25. cxb4 Rb8 26. Be4 f5 27. Bc2
Bxb5 28. axb5 Rxb5 29. Bxf5 Rxf5 {White resigns} 0-1

[Event "Team 45 45 League T37"]
[Site "Internet Chess Club"]
[Date "2008.05.09"]
[Round "3"]
[White "parrot9"]
[Black "GamePlayer"]
[Result "1-0"]
[WhiteElo "1684"]
[BlackElo "1469"]
[Opening "Sicilian"]
[ECO "B56"]
[Time "18:09:08"]
[TimeControl "2700+45"]

1. e4 c5 2. Nf3 Nc6 3. d4 cxd4 4. Nxd4 d6 5. Nc3 Nf6 6. f3 e6 7. Be3 d5 8. Nb3
Bb4 9. Qd2 Nxe4 10. fxe4 Qh4+ 11. g3 Qxe4 12. Nxe4 Bxd2+ 13. Nexd2 Nb4 14. Bd3
O-O 15. a3 Nxd3+ 16. cxd3 b6 17. d4 Ba6 18. Kf2 Rac8 19. Rac1 h6 20. Nf3 f6 21.
Rxc8 Rxc8 22. Rc1 Kf7 23. Rxc8 Bxc8 24. Nbd2 Ke7 25. b4 a6 26. a4 Bd7 27. a5
bxa5 28. bxa5 Bb5 29. Nb3 Kd6 30. Bf4+ e5 31. dxe5+ fxe5 32. Bxe5+ {Black
resigns} 1-0

[Event "Team 45 45 League T37"]
[Site "Internet Chess Club"]
[Date "2008.05.11"]
[Round "3"]
[White "frothyjowels"]
[Black "blackcatdillac"]
[Result "1/2-1/2"]
[WhiteElo "2219"]
[BlackElo "1843"]
[Opening "Scandinavian defense"]
[ECO "B01"]
[Time "15:06:22"]
[TimeControl "2700+45"]

1. e4 d5 2. exd5 Qxd5 3. Nc3 Qa5 4. d4 Nf6 5. Nf3 Bf5 6. Bc4 e6 7. Bd2 c6 8. Qe2
Bb4 9. O-O Nbd7 10. a3 Bxc3 11. Bxc3 Qc7 12. Nh4 O-O 13. Nxf5 exf5 14. Bd3 g6
15. Rae1 Nd5 16. Bd2 Nf4 17. Bxf4 Qxf4 18. c3 Rfe8 19. Qxe8+ Rxe8 20. Rxe8+ Kg7
21. Re7 Qd6 22. Rfe1 Kf6 23. Re8 Nb6 24. h3 Qf4 25. R8e2 {Game drawn by mutual
agreement} 1/2-1/2

[Event "Team 45 45 League T37"]
[Site "Internet Chess Club"]
[Date "2008.05.15"]
[Round "3"]
[White "AVEMARIA"]
[Black "alo"]
[Result "1-0"]
[WhiteElo "1744"]
[BlackElo "1810"]
[Opening "Scotch: Mieses variation"]
[ECO "C45"]
[Time "16:27:53"]
[TimeControl "2700+45"]

1. e4 e5 2. Nf3 Nc6 3. d4 exd4 4. Nxd4 Nf6 5. Nxc6 bxc6 6. e5 Qe7 7. Qe2 Nd5 8.
c4 Ba6 9. b3 d6 10. Bb2 dxe5 11. Qe4 Nb4 12. a3 f5 13. Qxf5 g6 14. Qe4 O-O-O 15.
Be2 Bb7 16. axb4 Qxb4+ 17. Bc3 Qxb3 18. O-O Bc5 19. Qxe5 Bd6 20. Qa5 Qc2 21.
Bg4+ {Black resigns} 1-0

[Event "Team 45 45 League T37"]
[Site "Internet Chess Club"]
[Date "2008.05.13"]
[Round "3"]
[White "touchthis"]
[Black "Rlopez"]
[Result "1-0"]
[WhiteElo "1844"]
[BlackElo "1765"]
[Opening "Bird: From gambit"]
[ECO "A02"]
[Time "23:32:16"]
[TimeControl "2700+45"]

1. f4 e5 2. fxe5 d6 3. Nf3 Bg4 4. e4 dxe5 5. Nc3 Bc5 6. Bc4 Nf6 7. Bxf7+ Kxf7 8.
Nxe5+ Kg8 9. Nxg4 Qd4 10. Nxf6+ Qxf6 11. Qf3 Qe6 12. Qf5 Qxf5 13. exf5 Nc6 14.
Ne4 Re8 15. d3 Nd4 16. Kd1 Be7 17. Rf1 Kf7 18. Be3 Nb5 19. Kd2 h6 20. a4 Nd6 21.
Rae1 Rd8 22. Nxd6+ Bxd6 23. Bf4 Bb4+ 24. c3 Ba5 25. b4 Bb6 26. a5 {Black
resigns} 1-0

[Event "Team 45 45 League T37"]
[Site "Internet Chess Club"]
[Date "2008.05.09"]
[Round "3"]
[White "hondocando"]
[Black "crazynights"]
[Result "0-1"]
[WhiteElo "1683"]
[BlackElo "1586"]
[Opening "Hungarian defense"]
[ECO "C50"]
[Time "18:06:02"]
[TimeControl "2700+45"]

1. e4 e5 2. Nf3 Nc6 3. Bc4 Be7 4. a3 Nf6 5. O-O Nxe4 6. Re1 Nd6 7. Bd5 Bf6 8.
Bxc6 dxc6 9. Nxe5 O-O 10. Nc3 Re8 11. Nf3 Bg4 12. d3 Bxf3 13. gxf3 Qd7 14. Kg2
Rxe1 15. Qxe1 Re8 16. Be3 Nf5 17. Qd2 Nh4+ 18. Kg3 Qf5 {White resigns} 0-1